 Dungeon Crawl Stone Soup version 0.27-a0-1555-g0e7b3fb1d2 (webtiles) character file.

Game seed: 1478228684385477918

185 st0uf the Insei (level 5, -7/40 HPs)
             Began as a Draconian Transmuter on July 15, 2021.
             Splashed by an acid dragon's acid (13 damage)
             ... on level 5 of the Dungeon.
             The game lasted 00:08:44 (3650 turns).

st0uf the Insei (Draconian Transmuter)              Turns: 3650, Time: 00:08:45

Health: -7/40      AC:  3    Str: 18    XL:     5   Next: 37%
Magic:  9/9        EV: 12    Int: 14    God:
Gold:   185        SH:  5    Dex: 12    Spells: 9/10 levels left

rFire    . . .     SeeInvis .     - Unarmed
rCold    . . .     Faith    .   (no shield)
rNeg     . . .     Spirit   .   (armour unavailable)
rPois    .         Reflect  +   (helmet restricted)
rElec    .         Harm     .   (no cloak)
rCorr    .         Rampage  .   n - +0 pair of gloves
Will     .....                  u - +0 pair of boots
Stlth    +.........             v - amulet of reflection
HPRegen  0.13/turn              b - +6 ring of strength
MPRegen  0.11/turn              (no ring)

@: corroded
A: AC +5, unfitting armour, cold-blooded
a: no special abilities


You were on level 5 of the Dungeon.
You visited 1 branch of the dungeon, and saw 5 of its levels.

You collected 185 gold pieces.

Inventory:

Armour
 n - a +0 pair of gloves (worn)
 u - a +0 pair of boots (worn)
Jewellery
 b - a +6 ring of strength (left hand)
 v - an amulet of reflection (around neck)
Wands
 t - a wand of iceblast (7)
Scrolls
 f - 2 scrolls of teleportation {unknown}
 g - a scroll of enchant armour {unknown}
 j - a scroll of blinking {unknown}
 m - 2 scrolls of fog {unknown}
 q - a scroll of amnesia {unknown}
 s - 2 scrolls of identify {unknown}
Potions
 a - a potion of attraction {unknown}
 c - a potion of magic {unknown}
 d - a potion of lignification {unknown}
 e - 2 potions of heal wounds {unknown}
 h - 3 potions of curing {unknown}
 i - a potion of mutation {unknown}
 k - a potion of might {unknown}
 l - a potion of haste {unknown}
 o - 2 potions of ambrosia {unknown}
 p - a potion of brilliance {unknown}
 r - a potion of flight {unknown}


   Skills:
 + Level 1.2 Fighting
 + Level 2.1 Dodging
 + Level 0.6 Stealth
 + Level 4.5 Unarmed Combat
 + Level 3.1 Spellcasting
 + Level 3.1 Transmutations


You had 9 spell levels left.
You knew the following spells:

 Your Spells              Type           Power      Damage    Failure   Level
a - Beastly Appendage     Tmut           20%        N/A       6%          1

Your spell library contained the following spells:

 Spells                   Type           Power      Damage    Failure   Level
 Wereblood                Tmut           10%        N/A       9%          2
 Magic Dart               Conj           8%         1d3       22%         1
 Call Imp                 Summ           2%         N/A       32%         2
 Spider Form              Tmut/Pois      3%         N/A       32%         3
 Dazzling Flash           Conj/Hex       4%         N/A       54%         3
 Mephitic Cloud           Conj/Pois/Air  2%         N/A       54%         3
 Ice Form                 Ice/Tmut       6%         N/A       73%         4
 Iskenderun's Mystic Bla  Conj/Tloc      2%         2d3       91%         4
 Starburst                Conj/Fire      1%         8x6d3     100%        6


Dungeon Overview and Level Annotations

Branches:
Dungeon (5/15)
 Temple: D:4-7

Altars:
Xom
The Shining One


Innate Abilities, Weirdness & Mutations

Your plain brown scales are hard. (AC +5)
You cannot fit into any form of body armour.
You are cold-blooded and may be slowed by cold attacks.


Message History

The gnoll misses you.
The gnoll shaman mumbles some strange prayers to its god against you.
You are outlined in light.
You hit the gnoll shaman.
You kill the gnoll shaman!
The gnoll hits you from afar with a +0 halberd.
Your Transmutations skill increases to level 3!
The gnoll barely misses you.
Things that are here:
a +0 whip; a +0 robe; a gnoll corpse You barely miss the gnoll.
You claw the gnoll, but do no damage.
You headbutt the gnoll, but do no damage.
The gnoll hits you with a +0 halberd!
You hit the gnoll but do no damage. You claw the gnoll.
The gnoll is moderately wounded.
Your transformation is almost over.
The gnoll hits you with a +0 halberd!
* * * LOW HITPOINT WARNING * * *
You hit the gnoll but do no damage. You claw the gnoll!
Your headbutt misses the gnoll. You tail-slap the gnoll.
You kill the gnoll!
Your horns disappear.
Your talons disappear.
Your +0 pair of boots unmelds from your body.
You hear the slow hiss of a distant avalanche of sand.
You hear the slow rusting of a distant drain.
You are no longer glowing.
Found a thick blue amulet.
v - an amulet of reflection You start putting on your amulet.
You continue putting on your amulet of reflection. x5
You finish putting on your amulet of reflection.
You feel a shielding aura gather around you.
v - an amulet of reflection (around neck)
An acid dragon comes into view.
The acid dragon roars!
The acid dragon spits acid at you. The splash of acid hits you!
* * * LOW HITPOINT WARNING * * *
The acid corrodes you!
You are splashed with acid!
You die...

#.# ### #.#
#.. # #.# #.#
.# #.#####
#.####.
#.....#
#.....
#####.#
#..#.# #
#.####..#.#.#
#...........#
#######@#####
##.## #...#
#...# #...#
#...# #...#
..D.. .....


You could see an acid dragon (catching breath).

Vanquished Creatures
  A jelly (D:4)
  A gnoll shaman (D:5)
  A hound (D:4)
  A gnoll (D:5)
  2 worms (D:3)
  4 dart slugs
  5 orcs
  5 bats
  3 endoplasms
  4 giant cockroaches
  8 goblins
  7 hobgoblins
  7 jackals
  A kobold (D:1)
  3 quokkas
  5 ball pythons
  6 frilled lizards
  2 rats (D:1)
66 creatures vanquished.

Vanquished Creatures (others)
  A plant (D:1)
1 creature vanquished.

Grand Total: 67 creatures vanquished

Notes
Turn   | Place    | Note
-------+----------+-------------------------------------------
     0 | D:1      | st0uf the Draconian Transmuter began the quest for the Orb.
     0 | D:1      | Reached XP level 1. HP: 16/16 MP: 3/3
   296 | D:1      | Reached XP level 2. HP: 23/23 MP: 3/5
   470 | D:1      | Found a faded altar of an unknown god.
   525 | D:1      | Reached XP level 3. HP: 28/28 MP: 4/6
  1273 | D:2      | Found a shimmering altar of Xom.
  2903 | D:4      | Reached skill level 4 in Unarmed Combat
  2903 | D:4      | Reached XP level 4. HP: 30/35 MP: 5/8
  3076 | D:4      | Found a glowing golden altar of the Shining One.
  3385 | D:4      | Reached XP level 5. HP: 34/40 MP: 7/9
  3575 | D:5      | Entered Level 5 of the Dungeon
  3648 | D:5      | Noticed an acid dragon
  3650 | D:5      | Splashed by an acid dragon's acid

Illustrated notes

Levels and vault maps discovered:
D:1:      minmay_arrival_doors, layout_loops_ring,
          shapermc_ecumenical_altar_mp_urbaneastern, minmay_crystal_room
D:2:      layout_basic, basic_altar
D:3:      layout_basic, minivault_27, minmay_goblin_outpost
D:4:      layout_loops_ring, nicolae_tso_swordbearing_angel
D:5:      layout_loops_cross, kennysheep_mini,
          lightli_ossuary_entry_decrepit_ruins, gup_sewer_entry_pipe

Skill      XL: |  1  2  3  4  5 |
---------------+----------------+-----
Dodging        | 2 |  2.1
Unarmed Combat | 4 |  4.5
Spellcasting   | 3 |  3.1
Transmutations | 3 |  3.1
Fighting       | |  1.2
Stealth        | |  0.6

Action                   |  1- 3 |  4- 6 || total
-------------------------+-------+-------++-------
Melee: Unarmed           |   110 |    40 ||   150
       Tailslap          |    11 |     4 ||    15
       Kick              |    22 |    12 ||    34
       Headbutt          |    10 |     7 ||    17
       Punch             |     3 |       ||     3
 Cast: Beastly Appendage |    31 |     9 ||    40
 Stab: Sleeping          |     1 |       ||     1
Armor: Skin              |    40 |    11 ||    51
Dodge: Dodged            |    59 |    24 ||    83

Table legend: (Time is in decaauts)
 A = Elapsed time spent in this place.
 B = Non-inter-level travel time spent in this place.
 C = Inter-level travel time spent in this place.
 D = Time resting spent in this place.
 E = Time spent auto-exploring this place.
 F = Levels seen in this place.
 G = Mean time per level.
                   A        B        C        D        E       F      G
               +--------+--------+--------+--------+--------+-----+--------+
         Total |   3637 |   3559 |     78 |     74 |   2843 |   5 |  727.4 |
       Dungeon |   3637 |   3559 |     78 |     74 |   2843 |   5 |  727.4 |
               +--------+--------+--------+--------+--------+-----+--------+

Top non-repeatable levels by time:
     D:3: 990 daAuts
     D:1: 890 daAuts
     D:2: 843 daAuts
     D:4: 839 daAuts
     D:5: 74 daAuts
